[Event "48th Cup Berlin Companies 2024"]
[Site "Berlin"]
[Date "2024.04.15"]
[Round "1.2"]
[White "Woschech, Andreas"]
[Black "Glantz, Robert"]
[Result "0-1"]
[ECO "B40"]
[WhiteElo "2119"]
[BlackElo "2385"]
[Annotator "TA"]
[PlyCount "128"]
[EventDate "2024.04.15"]
[EventType "team-tourn"]
[EventCountry "GER"]
[SourceTitle "playchess.com"]
[Source "ChessBase"]
[SourceQuality "1"]
[TimeControl "7200"]

1. e4 c5 2. Nf3 e6 3. d4 cxd4 4. Nxd4 Nc6 5. Nxc6 bxc6 6. Bd3 Nf6 7. O-O d5 8. Nd2 Be7 9. Qe2 O-O 10. c3 a5 11. a4 Qb6 12. exd5 cxd5 13. Nf3 Bb7 14. Be3 Bc5 15. Bxc5 Qxc5 16. Nd4 Ne4 17. Qh5 g6 18. Qe5 Qe7 (18... Qd6 {simplifies} 19. Qxd6 Nxd6 20. Rfb1 Rfc8) 19. Bb5 Rfc8 (19... Qd6 {simplifies} 20. Qxd6 Nxd6 21. f4 Kg7) 20. f4 Qd6 21. Rad1 (21. Rfe1 $11 Qc5 22. h3) 21... Ba6 (21... Qb6 $15 22. Kh1 Ba6) 22. Rfe1 (22. c4 $11 {remains equal.}) 22... Qb6 $17 23. g4 (23. f5 $142 exf5 (23... gxf5 24. Rd3 $15) 24. Qxd5) 23... Bxb5 $17 24. axb5 {[%emt 0:00:42] [#]} Re8 $1 25. g5 (25. Rxe4 $17 dxe4 26. Rf1) 25... Rec8 ({Black should play} 25... Nd6 $19 26. h4 Nxb5) 26. Rd3 ({White should try} 26. Kg2 $15) 26... a4 27. Rh3 (27. Kg2 $17 {was necessary.}) 27... Qc7 $2 (27... a3 $19 28. bxa3 Rxc3 (28... Nxc3 29. Ree3 $11) (28... Rxa3 $2 29. f5 $19) 29. Rxc3 Nxc3) 28. Qxc7 Rxc7 29. Ra1 Ra5 (29... Rca7 $17 30. Ra3 Nd6) 30. Re3 $15 Nd6 31. Re2 Nc4 32. Kf2 Rb7 (32... h6 $5) 33. Ke1 Kf8 34. Kd1 Ke8 35. Kc1 Kd7 36. h4 Kc7 37. h5 Kb6 (37... gxh5 $6 38. Rh2 $16) 38. hxg6 hxg6 39. Rh2 Nd6 $1 40. Rd2 (40. Rh8 $15) 40... Nxb5 (40... Rc7 $17 {[%cal Oc7c4] ...Rc4! is the strong threat.} 41. Rh2 a3 (41... Nxb5 42. Nxb5 Kxb5 43. Rh8 $17) 42. Rxa3 Rxa3 (42... Nxb5 43. Nxb5 Rxb5 44. Ra8 $11) 43. bxa3 Ne4 (43... Nxb5 44. Rb2 $16) (43... Rxc3+ 44. Rc2 $11)) 41. Nxb5 $15 Kxb5 42. Rd4 Rba7 43. Ra3 Kc5 44. Rb4 R5a6 45. Kd2 Kd6 46. Ke3 e5 47. fxe5+ Kxe5 48. Rf4 Rb6 49. Rf2 Rb3 (49... Rb8 $15 {feels stronger.}) 50. Rxb3 $11 axb3 51. Rf6 Ra2 52. Rxf7 $2 (52. Rf2 $1 $11) 52... Rxb2 $19 53. Rb7 Rb1 54. Kd3 Kf4 55. Rb5 Kxg5 56. Rxd5+ $2 (56. c4 Rd1+ 57. Ke2) 56... Kf4 $19 57. Rb5 g5 58. c4 g4 59. Rb8 g3 60. Rf8+ Kg4 61. Rg8+ Kf3 62. Rf8+ Kg2 63. Kc3 b2 64. Rf4 Rf1 0-1

[Event "48th Cup Berlin Companies 2024"]
[Site "Berlin"]
[Date "2024.04.15"]
[Round "1.3"]
[White "Kleeschaetzky, Rainer"]
[Black "Hoffmann, Udo"]
[Result "1-0"]
[ECO "B22"]
[WhiteElo "2219"]
[BlackElo "2221"]
[Annotator "TA"]
[PlyCount "75"]
[EventDate "2024.04.15"]
[EventType "team-tourn"]
[EventCountry "GER"]
[SourceTitle "playchess.com"]
[Source "ChessBase"]
[SourceQuality "1"]
[TimeControl "7200"]

1. e4 c5 2. c3 Nf6 3. e5 Nd5 4. Nf3 Nc6 5. d4 cxd4 6. cxd4 d6 7. Bc4 Nb6 8. Bb5 Bd7 9. Nc3 dxe5 10. Nxe5 Nxe5 11. dxe5 Bxb5 12. Nxb5 Qxd1+ 13. Kxd1 {[%emt 0:00:01] Nc7+ would now be deadly.} O-O-O+ 14. Ke2 {[%emt 0:01:02][%cal Oc1e3] Strongly threatening Be3!} a6 (14... Rd5 $1 $11 15. a4 (15. Nxa7+ $2 Kb8 $19) 15... Rxe5+ 16. Be3 Nd5) 15. Be3 $1 $16 Nd5 {[%emt 0:02:41] Black is weak on the dark squares} (15... Nc4 $16 {was worth a try.} 16. Rhc1 axb5) 16. Rac1+ $18 Kb8 17. Ba7+ $1 Ka8 {[%emt 0:00:06] [#]} 18. Rhd1 $1 {[%emt 0:00:02][%cal Od1d5] And now Rxd5! would win.} axb5 (18... b6 19. Bxb6) 19. Bb6 Nxb6 20. Rxd8+ Ka7 21. f4 g5 (21... h5 $142 22. Rc7 f6) 22. g3 (22. fxg5 $18 {is the precise move to win. aiming for Rf1.} h6 23. Rf1 hxg5 24. Rxf7) 22... Bg7 $16 23. Rxh8 Bxh8 24. Kf3 ({White should play} 24. e6 $1 $16 fxe6 25. fxg5) 24... Kb8 (24... Bg7 $11) 25. Ke4 (25. h4 $1 $14 g4+ 26. Kxg4) 25... Bg7 26. h4 gxf4 27. gxf4 e6 {[%emt 0:00:14] [#]} (27... Nd7 $11) 28. Rg1 $1 {[%emt 0:00:12][%mdl 1024] White has strong compensation.} f5+ 29. Kf3 $1 Bh6 {[%emt 0:00:24] This move loses the game for Black.} (29... Bf8 $14) 30. Rg8+ $18 Ka7 {[%emt 0:00:06] [#]} ({But not} 30... Kc7 $2 31. Rh8 Kc6 32. Rxh7 $18) 31. Re8 $1 Nd5 $2 (31... Nc4 32. b3 (32. Rxe6 Nd2+ 33. Ke3 Nc4+ 34. Kf3 Nd2+ 35. Kg2 Bxf4 $14) 32... Nd2+ 33. Ke3 Nf1+ 34. Ke2 Nh2 35. Rxe6 (35. Ke3 Ng4+ 36. Kf3 Nh2+ 37. Kg3 Nf1+ 38. Kg2 Nd2 $18) 35... Bxf4) 32. Rxe6 Bf8 (32... Bxf4 33. Rd6 Bxe5 34. Rxd5 Bf6) 33. Re8 {[%emt 0:02:45] White is clearly winning.} Bb4 34. Rd8 Nc7 35. a3 Be1 36. h5 Ne6 37. Rd6 Nc7 38. Rf6 {[%emt 0:03:44] Weighted Error Value: White=0.21 (precise) /Black=0.56.  Loses game:     	---       	Black=1      Missed win:     	---       	Black=1      Mistake:       	White=3     	Black=7      OK:         	White=4     	Black=3      Best:        	White=4     	Black=4      Strong:       	White=6     	---} 1-0

[Event "48th Cup Berlin Companies 2024"]
[Site "Berlin"]
[Date "2024.04.15"]
[Round "1.4"]
[White "Weber, Daniel"]
[Black "Wiedersich, Jens"]
[Result "1-0"]
[ECO "A57"]
[WhiteElo "2132"]
[BlackElo "2095"]
[Annotator "TA"]
[PlyCount "95"]
[EventDate "2024.04.15"]
[EventType "team-tourn"]
[EventCountry "GER"]
[SourceTitle "playchess.com"]
[Source "ChessBase"]
[SourceQuality "1"]
[TimeControl "7200"]

1. d4 Nf6 2. c4 c5 3. d5 b5 4. cxb5 a6 5. f3 d6 6. e4 g6 7. Na3 Bg7 8. Ne2 axb5 9. Nxb5 O-O 10. Nec3 Na6 11. Be2 Nc7 12. O-O Nxb5 13. Bxb5 {[%emt 0:00:59] White is slightly better.} Qb6 14. Qe2 Ba6 15. Be3 (15. a4 $14) 15... Rfb8 $11 16. a4 Ne8 17. Bxa6 Rxa6 18. Nb5 Raa8 19. Ra2 $36 {[%emt 0:04:02][%mdl 2048] White has the initiative.} Nc7 20. b4 Nxb5 21. axb5 Rxa2 22. Qxa2 Qxb5 23. bxc5 dxc5 24. Qa7 Be5 (24... c4 $11) 25. f4 (25. Bxc5 $6 Rb7 26. Qa8+ Rb8 $11) (25. Qxc5 Qd3 $11) (25. Qxe7 $16 Bd4 (25... Bxh2+ $2 26. Kxh2 Re8 27. Rb1 $18) 26. Bxd4 cxd4 27. Qa7) 25... Bd4 26. Bxd4 cxd4 27. Qxd4 {[%emt 0:00:20][%mdl 4096] Endgame. KQR-KQR} (27. Qxe7 $2 d3 (27... Re8 28. Qa7 $11) 28. Qc7 d2 $19) 27... Qe2 28. h3 Rb2 29. Qf2 Qb5 30. Qf3 Rb3 31. Qg4 Rb1 32. Qf3 Rb3 33. Qg4 Rb1 34. Qc8+ Kg7 35. Qc3+ f6 36. Re1 Rxe1+ 37. Qxe1 {[%emt 0:00:11] KQ-KQ} Qd3 38. Kf2 Kf8 39. Qe3 Qc4 40. Qe2 Qd4+ 41. Kf3 f5 42. g4 ({White should play} 42. Qc2 $14) 42... fxe4+ 43. Qxe4 Qd1+ {[%emt 0:00:04] [#]} (43... Qd2 $11 {and Black stays safe.}) 44. Kg2 $2 (44. Kg3 $18) 44... Qb3 45. Qe5 Kg8 {[%emt 0:00:05] Prevents Qh8+} (45... Kf7 $11) 46. f5 (46. Qxe7 $14 Qxd5+ 47. Kf2 Qd2+ 48. Kg3) 46... gxf5 (46... Qd3 $1 $11 {keeps the balance.}) 47. gxf5 ({Don't play} 47. Qxf5 Qe3 $11) ({Better is} 47. Qe6+ $16 Kf8 48. Qxf5+ (48. gxf5 Qc3 $11) 48... Kg8 49. Qe6+ Kf8 50. Qe5) 47... Qd3 $2 {[%emt 0:00:21][%mdl 8192] [#]} (47... Kf7 $11) 48. Qg3+ {[%emt 0:00:22] Weighted Error Value: White=0.20 (precise) /Black=0.23 (precise) .  Loses game:     	---       	Black=2      Missed win:     	White=1     	---        Mistake:       	White=5     	Black=3      Inaccurate:     	White=3     	Black=2      OK:         	White=10    	Black=14     Best:        	White=1     	Black=3} ({Inferior is} 48. Qxe7 Qxd5+ 49. Kg3 Qxf5 $11) 1-0

[Event "48th Cup Berlin Companies 2024"]
[Site "Berlin"]
[Date "2024.04.15"]
[Round "1.5"]
[White "Kuhne, Detlev"]
[Black "Thiede, Lars"]
[Result "0-1"]
[ECO "E92"]
[WhiteElo "2039"]
[BlackElo "2381"]
[Annotator "TA"]
[PlyCount "94"]
[EventDate "2024.04.15"]
[EventType "team-tourn"]
[EventCountry "GER"]
[SourceTitle "playchess.com"]
[Source "ChessBase"]
[SourceQuality "1"]
[TimeControl "7200"]

1. Nf3 Nf6 2. c4 g6 3. Nc3 Bg7 4. e4 d6 5. d4 O-O 6. Be2 Na6 7. O-O e5 8. dxe5 dxe5 9. Qxd8 Rxd8 10. Bg5 c6 11. Rad1 Re8 12. h3 Nc5 13. Bd3 a5 14. Be3 Nfd7 15. Bc2 {[%emt 0:00:54] The position is equal.} Bf8 16. Na4 (16. Rd2 $11) 16... Nxa4 $15 17. Bxa4 Bc5 18. Bxc5 Nxc5 19. Bc2 f6 20. b3 Be6 21. Rd2 Red8 22. Rfd1 Rxd2 23. Rxd2 Kf7 24. Ne1 Ke7 25. f3 a4 26. Nd3 axb3 27. axb3 Rd8 (27... Nxd3 {simplifies} 28. Rxd3 Ra1+ 29. Kf2 b5) 28. Kf2 b5 29. Ke3 {[%emt 0:01:08] [#]} Nxb3 {[%emt 0:10:53][%mdl 512] Black has more active pieces.} 30. Bxb3 {[%emt 0:00:10] Hoping for Nc5.} bxc4 31. Nxe5 fxe5 (31... cxb3 $2 {perishes.} 32. Nxc6+ Kf8 33. Rxd8+ $18 (33. Nxd8 Bc4 $18)) 32. Rxd8 Kxd8 $17 {[%emt 0:00:07][%mdl 4096] Endgame. KB-KB} 33. Ba4 Kc7 34. Kd2 {[%emt 0:00:04] [#]} c3+ $1 35. Kxc3 (35. Kc2 Bc4) 35... g5 $1 36. Bb3 $2 (36. Kb4 $17) 36... Bxb3 $1 $19 37. Kxb3 {[%emt 0:00:09] KP-KP} h5 {[%emt 0:03:05] Strongly threatening ...h4.} 38. g3 h4 $2 (38... c5 $19 39. Kc4 Kb6) 39. gxh4 $11 gxh4 {[%emt 0:00:04] K3P-K3P} 40. Kb4 $2 (40. Kc4 $11) 40... Kb6 $1 $19 41. Kc4 {[%emt 0:00:09] [#]} c5 $1 42. Kd5 {[%emt 0:02:12] [#]} Kb5 $1 {[%emt 0:00:16] ( -> ...c4)} 43. Kxe5 {[%emt 0:00:01] Threatens to win with f4.} c4 {[%emt 0:00:09] Black mates.} 44. Kd4 Kb4 45. e5 c3 46. Kd3 Kb3 47. e6 c2 {[%emt 0:00:08] Weighted Error Value: White=0.61/Black=0.25 (precise) .  Loses game:     	White=2     	---        Mistake:       	White=1     	---        Inaccurate:     	White=2     	---        OK:         	White=10    	Black=11     Best:        	White=3     	Black=2      Strong:       	---       	Black=3      Brilliant:      	---       	Black=2} 0-1

[Event "48th Cup Berlin Companies 2024"]
[Site "Berlin"]
[Date "2024.04.15"]
[Round "1.6"]
[White "Duester, Christian"]
[Black "Michel, Steffen"]
[Result "1/2-1/2"]
[ECO "B12"]
[WhiteElo "2180"]
[BlackElo "2164"]
[Annotator "TA"]
[PlyCount "34"]
[EventDate "2024.04.15"]
[EventType "team-tourn"]
[EventCountry "GER"]
[SourceTitle "playchess.com"]
[Source "ChessBase"]
[SourceQuality "1"]
[TimeControl "7200"]

1. e4 c6 2. d4 d5 3. f3 e6 4. Nc3 Bb4 5. Bd2 b6 6. a3 Bxc3 7. Bxc3 Ba6 ({Better is} 7... dxe4 $11 8. Nh3 exf3) 8. Bxa6 $14 {[%emt 0:04:15] White is slightly better.} Nxa6 9. Qd3 Nc7 10. Ne2 Nf6 11. O-O O-O 12. Be1 Nd7 13. Bg3 Re8 14. Rad1 {[%emt 0:20:35] White is more active.} Rc8 15. c3 (15. c4 $16) 15... Nf8 16. Bxc7 dxe4 17. fxe4 Rxc7 {Weighted Error Value: White=0.13 (very precise) /Black=0.13 (very precise) .  Mistake:       	White=1     	Black=1      Inaccurate:     	White=2     	---        OK:         	White=4     	Black=5} 1/2-1/2

[Event "48th Cup Berlin Companies 2024"]
[Site "Berlin"]
[Date "2024.04.15"]
[Round "1.8"]
[White "Giebel, Christine"]
[Black "Feikes, Joerg"]
[Result "1/2-1/2"]
[ECO "C45"]
[WhiteElo "1879"]
[BlackElo "1986"]
[Annotator "RC"]
[PlyCount "61"]
[EventDate "2024.04.15"]
[EventType "team-tourn"]
[EventCountry "GER"]
[SourceTitle "playchess.com"]
[Source "ChessBase"]
[SourceQuality "1"]
[TimeControl "7200"]

1. e4 e5 2. Nf3 Nc6 3. d4 exd4 4. Nxd4 Bc5 5. Be3 Qf6 6. c3 Nge7 7. Qf3 Nxd4 8. Qxf6 Nc2+ 9. Kd2 Bxe3+ 10. fxe3 gxf6 11. Kxc2 f5 12. exf5 Nxf5 13. e4 Ne3+ 14. Kd3 Ng4 15. Ke2 h5 16. Nd2 d6 17. Nf3 O-O 18. h3 Nf6 19. Kd3 b6 20. Re1 Re8 21. Rg1 Nxe4 22. Kc2 Bf5 23. Bd3 Ng3 24. Nd4 Bxd3+ 25. Kxd3 a6 26. Re3 Rxe3+ 27. Kxe3 c5 28. Nc6 Kf8 29. Rd1 Re8+ 30. Kf3 Ne4 31. Kf4 1/2-1/2